 Dungeon Crawl Stone Soup version 0.26-a0-639-g72c4674329 (webtiles) character file.

Game seed: 13624497935626015421

338147 Flugslaktarn the Warrior (level 20, -2/185 HPs)
             Began as a Deep Dwarf Fighter on Sept 28, 2020.
             Was the Champion of Makhleb.
             Slain by an ancient lich (6 damage)
             ... on level 5 of the Realm of Zot.
             The game lasted 00:21:05 (18657 turns).

Flugslaktarn the Warrior (Deep Dwarf Fighter)      Turns: 18657, Time: 00:21:05

Health: -2/185     AC: 34    Str: 24    XL:     20   Next: 64%
Magic:  0/0        EV: 15    Int:  9    God:    Makhleb [******]
Gold:   746        SH: 15    Dex: 15    Spells: 19/19 levels left

rFire    + + .     SeeInvis .   K - +10 broad axe of the Undead {elec, Str+4}
rCold    + . .     Faith    .   H - +0 kite shield {AC+3}
rNeg     + . .     Spirit   .   c - +0 storm dragon scales
rPois    +         Reflect  .   (no helmet)
rElec    +         Harm     .   D - +1 cloak
rCorr    +         Rampage  .   C - +2 pair of gloves
MR       +++..                  G - +2 pair of boots
Stlth    ..........             (no amulet)
HPRegen  0.00/turn              p - +4 ring of protection
MPRegen  0.07/turn              f - ring of protection from fire

@: resistant, marked, non-regenerating, lightly drained
A: damage resistance, heal wounds, blurry vision 3, dopey 1, frail 1, low mp 2,
negative energy resistance 1, sense surroundings 3, weak 2, no potion heal 2,
subdued magic 1, no regeneration
}: 3/15 runes: decaying, abyssal, gossamer
a: Heal Wounds, Minor Destruction, Lesser Servant of Makhleb, Major Destruction,
Greater Servant of Makhleb, Renounce Religion


You were on level 5 of the Realm of Zot.
You worshipped Makhleb.
Makhleb was exalted by your worship.
You visited 7 branches of the dungeon, and saw 37 of its levels.
You visited the Abyss 2 times.
You also visited: Sewer and Gauntlet.

You collected 1668 gold pieces.
You spent 922 gold pieces at shops.

Inventory:

Hand Weapons
 K - the +10 broad axe of the Undead (weapon) {elec, Str+4}
   (You acquired it on level 1 of the Swamp)

   Occasionally, upon striking a foe, it will discharge some electrical energy
   and cause terrible harm.
   It affects your strength (+4).
Missiles
 g - 4 throwing nets (quivered)
Armour
 b - the +0 pair of boots "Dagaw" {MP+9 Str+3 Int+6}
   (You found it on level 7 of the Dungeon)

   It affects your strength (+3).
   It affects your intelligence (+6).
   It affects your magic capacity (+9).
 c - +0 storm dragon scales (worn)
   (You found it on level 2 of the Realm of Zot)
 k - the +2 cloak of the Equator {Harm *Slow MR+++ Dex+2}
   (You found it in a Gauntlet)

   It affects your dexterity (+2).
   It affects your resistance to hostile enchantments.
   It may slow you when you take damage.
   It increases damage dealt and taken.
 A - a +0 plate armour
   (You found it on level 9 of the Dungeon)
 C - a +2 pair of gloves (worn)
   (You bought it in a shop on level 8 of the Dungeon)
 D - a +1 cloak (worn)
   (You bought it in a shop on level 8 of the Dungeon)
 G - a +2 pair of boots (worn)
   (You found it on level 14 of the Dungeon)
 H - a +0 kite shield of protection (worn)
   (You took it off a tengu warrior on level 14 of the Dungeon)
Jewellery
 e - the ring of Zacvigho {rF+ MR- Str+6 Int+4}
   (You found it on level 7 of the Dungeon)

   [ring of strength]

   It affects your strength (+6).
   It affects your intelligence (+4).
   It protects you from fire.
   It affects your resistance to hostile enchantments.
 f - a ring of protection from fire (right hand)
   (You took it off a gnoll on level 7 of the Dungeon)
 i - an uncursed ring of see invisible
   (You found it on level 2 of the Dungeon)
 m - an uncursed ring of protection from magic
   (You found it on level 1 of the Swamp)
 o - an uncursed ring of poison resistance
   (You found it on level 11 of the Dungeon)
 p - a +4 ring of protection (left hand)
   (You found it on level 10 of the Dungeon)
Wands
 j - a wand of digging (5)
   (You found it on level 3 of the Depths)
 v - a wand of enslavement (5)
   (You found it on level 5 of the Dungeon)
 y - a wand of paralysis (51)
   (You found it on level 6 of the Dungeon)
Scrolls
 a - 6 scrolls of fog
 l - a scroll of brand weapon
 r - a scroll of fear
 t - 7 scrolls of teleportation
 x - 11 scrolls of remove curse
 J - a scroll of immolation
 M - a scroll of magic mapping
 N - a scroll of enchant weapon
 P - a scroll of enchant armour
 Q - a scroll of summoning
Potions
 d - a potion of might
 h - 3 potions of haste
 q - 7 potions of curing
 s - 2 potions of lignification
 u - 3 potions of mutation
 w - 2 potions of heal wounds
 B - 3 potions of invisibility
 I - 7 potions of ambrosia
 L - a potion of cancellation {unknown}
 O - 10 potions of flight
Miscellaneous
 F - a condenser vane (1/2)
   (You bought it in a shop on level 4 of the Depths)


   Skills:
 * Level 18.8(18.3) Fighting
 - Level 18.0(17.5) Axes
 + Level 16.3(15.8) Armour
 - Level 11.0(10.5) Dodging
 + Level 16.3(15.8) Shields
 - Level 15.0(14.5) Invocations
 - Level 10.0(9.6) Evocations


You had 19 spell levels left.
You didn't know any spells.
Your spell library was empty.

Dungeon Overview and Level Annotations

Branches:
Dungeon (15/15)            Temple (1/1) D:4            Lair (3/6) D:8
  Swamp (4/4) Lair:2       Spider (4/4) Lair:2          Orc (0/2) D:11
 Vaults (0/5) D:14         Depths (5/5) D:15            Zot (5/5) Depths:5
  Sewer (visited)         Gauntlet (visited)

Altars:
Ashenzari
Cheibriados
Dithmenos
Elyvilon
Fedhas
Gozag
Kikubaaqudgha
Makhleb
Okawaru
Qazlal
Ru
Sif Muna
Trog
Uskayaw
Vehumet
Xom
Zin
The Shining One

Shops:
D:8 [   D:12 *   Depths:4 :}(!

Portals:
Hell: Depths:3 Depths:4
Abyss: Depths:4
Pandemonium: Depths:3
Ziggurat: Depths:3

Annotations:
D:5 2 transporters, Apogee's ghost, novice DEEE
D:15 1 runed translucent door, Kouma's ghost, journeyman GnWz
Swamp:4 3 runed translucent doors, Glokmah's ghost, adept GnWn; p0werm0de's ghost, adept MiFi
Depths:2 2 runed translucent doors


Innate Abilities, Weirdness & Mutations

You are resistant to damage.
You can heal yourself by infusing magical energy.
You resist negative energy. (rN+)
You passively map a large area around you.
You do not regenerate.
Scrolls take you much longer to read.
You are dopey. (Int -2)
You are frail. (-10% HP)
Your magical capacity is very low. (-20% MP)
You are very weak. (Str -4)
Potions are poor at restoring your health.
Your spells are a little easier to cast, but a little less powerful.


Message History

The Orb Guardian is engulfed in poison gas.
The Orb Guardian looks as sick as possible!
The Orb Guardian is engulfed in poison gas.
The Orb Guardian looks as sick as possible!
The electric golem crackles and sizzles.
An Orb Guardian comes into view.
The orb of fire glows deep purple.
Strange energies course through your body.
The Orb Guardian is engulfed in poison gas.
The Orb Guardian looks as sick as possible!
The Orb Guardian hits you!
* * * LOW HITPOINT WARNING * * *
The ancient lich points at you and mumbles some strange words.
The bolt of negative energy hits you!! You partially resist.
You feel drained.
* * * LOW HITPOINT WARNING * * *
The bolt of negative energy hits the orb of fire.
The orb of fire completely resists.
The bolt of negative energy misses the freezing wraith.
The ancient lich touches you!
You die...

▓▓▓ *** * ▓ ▓▓▓..^,,, , ▓▓▓
▓▓▓...... ..▓▓ ▓▓........, ,
...▓ ▓▓▓▓▓▓▓▓▓ ▓.....^... ,
,, ,
...▓▓▓§.p..?.▓▓▓§§§8§....
,,,
.X.▓▓L......§8▓▓WWW§§.... ,,
§.§▓.....§§.XW§▓**WW§§§..,,,
, §d.....8.§X.°ppL@*L§§§○..
, ,
...▓.*.d.§§X§d2▓LXX§§§§.. ,
...▓▓.....^.§§▓▓DX§§§§§§. ,
...▓▓▓.......▓▓▓{§§X§§§§. ,,
, ▓▓▓▓▓▓▓▓▓ #.§§§§☼§§. ,
##..§§○D§. , ,,,,,
##▓...§X., ,, * ▓▓▓.., , *
** * ,


You could see 3 orbs of fire, 2 Killer Klowns, 2 electric golems, a shadow
dragon, 3 ancient liches, a storm dragon (berserk, extremely poisoned), a red
draconian (extremely poisoned, slow), 8 Orb Guardians, a green death, 3 freezing
wraiths and 3 phantoms.

Vanquished Creatures
  2 orbs of fire (Zot:5)
  An ancient lich (Zot:5)
  A juggernaut (Depths:4)
  A Killer Klown (Zot:5)
  A curse toe (Zot:4)
  3 golden dragons
  3 bone dragons
  An electric golem (Zot:1)
  Rupert (D:12)
  Arachne (Spider:2)
  3 tentacled monstrosities
  3 liches
  13 Orb Guardians (Zot:5)
  A quicksilver dragon (Zot:3)
  A sphinx (Depths:3)
  5 tentacled starspawn
  3 death cobs
  3 storm dragons
  2 draconian monks
  2 shadow dragons (Depths:5)
  A thorn hunter (Swamp:3)
  4 frost giants
  2 draconian knights
  An iron dragon (Depths:4)
  Aizul (Spider:2)
  6 emperor scorpions
  A ghost moth (Spider:4)
  A draconian scorcher (Zot:4)
  2 draconian shifters
  Louise (Spider:4)
  5 draconian annihilators
  9 very ugly things
  An entropy weaver (Spider:2)
  An ophan (Abyss:3)
  7 stone giants
  A vampire knight (Depths:2)
  8 black draconians
  6 white draconians
  4 purple draconians
  6 red draconians
  5 yellow draconians
  3 green draconians
  A minotaur (Gauntlet)
  2 ettins
  2 yaktaur captains
  4 fire dragons
  7 great orbs of eyes
  Erolcha (D:10)
  5 vault guards (D:14)
  3 rakshasas
  4 spriggan air magi
  7 centaur warriors
  2 ice dragons (Depths:4)
  9 hydras
  A shambling mangrove (Swamp:4)
  Harold (D:7)
  A ghost crab (Swamp:4)
  13 two-headed ogres
  Erica (D:8)
  6 deep troll shamans
  3 hell hogs (Depths:4)
  6 tengu warriors
  2 ogre magi
  8 alligators
  A spriggan berserker (Depths:5)
  A deep troll earth mage (Depths:1)
  A vampire mage (Depths:3)
  5 thrashing horrors (Abyss:2)
  A deep elf knight (D:14)
  A sun demon (Abyss:2)
  19 starcursed masses
  A hell knight (Depths:5)
  A salamander mystic (Depths:1)
  4 wretched stars
  A spatial maelstrom (Abyss:2)
  6 iron trolls
  An unseen horror (D:11)
  12 deep trolls
  4 sixfirhies
  A wizard (D:14)
  An unseen horror (shapeshifter) (Depths:2)
  A spriggan druid (Swamp:3)
  5 spectral hydras (Swamp:4)
  4 swamp dragons
  A harpy (shapeshifter) (D:13)
  A phantasmal warrior (Swamp:4)
  A deep elf archer (D:15)
  A deep elf mage (D:15)
  12 orb spiders
  A wolf spider zombie (D:15)
  An orc sorcerer (D:15)
  20 wolf spiders
  18 ugly things
  A manticore (D:15)
  3 salamanders (Depths:1)
  3 worldbinders (Abyss:2)
  6 cyclopes
  2 apocalypse crabs (Abyss:2)
  14 moths of wrath
  A molten gargoyle (Depths:1)
  Joseph (D:8)
  4 smoke demons (Abyss:2)
  4 centaur zombies
  4 orange demons
  A gargoyle (D:9)
  4 swamp worm zombies (Swamp:4)
  A rime drake (shapeshifter) (Abyss:2)
  7 cane toads
  5 kobold demonologists
  A redback zombie (D:15)
  An efreet (D:14)
  A tormentor (Depths:3)
  10 yaktaurs
  3 tengu conjurers
  22 jumping spiders
  4 hydra zombies (Swamp:4)
  9 demonic crawlers
  A silent spectre (Abyss:2)
  A meliai (Spider:4)
  6 hornets
  5 trolls
  5 raiju
  14 hippogriffs
  8 tyrant leeches
  4 blink frogs (Abyss:3)
  8 slime creatures
  A spectral swamp dragon (Swamp:4)
  8 bog bodies
  6 alligator zombies (Swamp:4)
  28 redbacks
  3 spriggans (Swamp:3)
  6 shadows
  2 ynoxinuls
  14 tarantellas
  3 water elementals
  Sigmund (D:4)
  3 wraiths
  A fire elemental (Abyss:2)
  5 wyverns
  A vampire (D:9)
  16 yaks
  2 chaos spawn
  3 neqoxecs
  10 vampire mosquitoes
  12 swamp worms
  3 wargs (D:8)
  2 insubstantial wisps
  3 acid dragons
  A spatial vortex (Abyss:2)
  8 hell hounds (Depths:4)
  2 porcupines (Lair:2)
  4 water moccasins
  10 small abominations
  7 swamp drakes
  4 orc warriors
  4 sky beasts
  6 large abominations
  3 swamp dragon zombies (Swamp:4)
  A necrophage (D:7)
  3 ice beasts
  9 ogres
  An eye of draining (D:13)
  5 phantoms
  4 boggarts (Depths:3)
  28 centaurs
  3 crocodiles
  4 big kobolds
  2 earth elementals (Spider:2)
  2 gnoll sergeants (D:7)
  12 bullfrogs
  A water moccasin zombie (D:9)
  6 scorpions
  A killer bee (shapeshifter) (Depths:4)
  13 killer bees
  12 wights
  4 howler monkeys
  8 electric eels
  3 bullfrog zombies
  2 crimson imps (Depths:3)
  11 orc priests
  9 hounds
  5 quasits
  5 bullfrog skeletons
  4 jellies
  7 centaur skeletons
  A gnoll shaman (D:7)
  2 iron imps
  An iguana (D:5)
  13 orc wizards
  2 spectral swamp drakes (Swamp:4)
  10 worker ants
  A killer bee zombie (D:7)
  A hound zombie (D:11)
  A howler monkey zombie (D:8)
  18 gnolls
  2 river rats (Sewer)
  6 adders
  A howler monkey skeleton (D:10)
  7 shadow imps
  5 white imps
  6 ufetubi
  An adder skeleton (D:9)
  2 worms (D:2)
  2 dart slugs
  4 leopard geckos
  41 orcs
  5 bats
  7 giant cockroaches
  5 goblins
  19 jackals
  4 quokkas
  A ball python (D:4)
  4 frilled lizards
  22 kobolds
  A leopard gecko skeleton (D:4)
  8 rats
  11 starspawn tentacles
1068 creatures vanquished.

Vanquished Creatures (collateral kills)
  An emperor scorpion (Spider:4)
  A hydra (D:12)
  3 wolf spiders (Spider:4)
  4 jumping spiders (Spider:4)
  A tyrant leech (Spider:2)
  3 redbacks (Spider:4)
  3 tarantellas (Spider:4)
  2 sky beasts (D:14)
  An earth elemental (Spider:2)
19 creatures vanquished.

Vanquished Creatures (others)
  A tentacled monstrosity (Zot:3)
  An orb spider (Spider:2)
  A polar bear (Lair:2)
  A tyrant leech (Spider:2)
  A vampire mosquito (D:13)
  A swamp drake (Swamp:3)
  A jelly (D:13)
  5 fungi
  19 plants
  8 starspawn tentacles (Abyss:3)
  6 withered plants (Swamp:4)
45 creatures vanquished.

Grand Total: 1132 creatures vanquished

Notes
Turn   | Place    | Note
-------+----------+-------------------------------------------
     0 | D:1      | Flugslaktarn the Deep Dwarf Fighter began the quest for the
                  | Orb.
     0 | D:1      | Reached XP level 1. HP: 20/20 MP: 1/1
    54 | D:1      | Reached XP level 2. HP: 27/27 MP: 2/2
   262 | D:2      | Reached XP level 3. HP: 25/34 MP: 3/3
   352 | D:2      | Found a shadowy altar of Dithmenos.
   360 | D:2      | Reached XP level 4. HP: 25/42 MP: 4/4
   552 | D:4      | Found a staircase to the Ecumenical Temple.
   561 | Temple   | Entered the Ecumenical Temple
   647 | Temple   | Became a worshipper of Makhleb the Destroyer
   694 | D:4      | Reached XP level 5. HP: 40/50 MP: 5/5
   720 | D:4      | Reached skill level 1 in Invocations
   853 | D:4      | Noticed Sigmund
   883 | D:4      | Killed Sigmund
   883 | D:4      | Reached XP level 6. HP: 45/57 MP: 5/7
  1015 | D:4      | Found a glowing drain.
  1033 | Sewer    | Entered a sewer
  1136 | Sewer    | Found a white marble altar of Elyvilon.
  1421 | D:5      | Entered Level 5 of the Dungeon
  1442 | D:5      | Found a stormy altar of Qazlal.
  1442 | D:5      | Found a blossoming altar of Fedhas.
  1447 | D:5      | Reached XP level 7. HP: 37/66 MP: 7/9
  1480 | D:5      | Reached skill level 5 in Axes
  1561 | D:5      | Reached * piety under Makhleb
  1793 | D:5      | Noticed Apogee's ghost (novice DEEE)
  1794 | D:5      | Identified the cursed +1 dire flail "Grum" {drain, MR+
                  | Dex+7}
  1796 | D:5      | Found a transporter.
  1797 | D:5      | Found a transporter.
  1875 | D:5      | Reached skill level 5 in Fighting
  2073 | D:6      | Reached skill level 5 in Shields
  2143 | D:6      | Reached skill level 5 in Armour
  2203 | D:6      | Reached ** piety under Makhleb
  2311 | D:6      | Reached XP level 8. HP: 48/74 MP: 8/8
  2801 | D:7      | Noticed a hippogriff
  2814 | D:7      | Killed a hippogriff
  2875 | D:7      | Got a pair of encrusted boots
  2881 | D:7      | Identified the cursed +0 pair of boots "Dagaw" {MP+9 Str+3
                  | Int+6} (You found it on level 7 of the Dungeon)
  2983 | D:7      | Noticed Harold
  3011 | D:7      | Identified the +0 robe "Leschite" {rF+ rC+ Stlth+}
  3022 | D:7      | Killed Harold
  3022 | D:7      | Reached skill level 5 in Invocations
  3022 | D:7      | Gained mutation: You passively map the area around you.
                  | [Deep Dwarf growth]
  3022 | D:7      | Reached XP level 9. HP: 48/85 MP: 7/7
  3177 | D:7      | Got a steaming copper ring
  3464 | D:7      | Reached *** piety under Makhleb
  3762 | D:8      | Noticed Joseph
  3770 | D:8      | Paralysed by a hornet for 1 turns
  3779 | D:8      | Killed Joseph
  3811 | D:8      | Reached XP level 10. HP: 85/94 MP: 8/8
  3814 | D:8      | Found Igyacuv's Antique Armour Boutique.
  3893 | D:8      | Bought a pair of gloves for 99 gold pieces
  3893 | D:8      | Bought a cloak for 99 gold pieces
  3906 | D:8      | Identified the ring of Zacvigho {rF+ MR- Str+6 Int+4} (You
                  | found it on level 7 of the Dungeon)
  3998 | D:8      | Noticed Erica
  4010 | D:8      | Killed Erica
  4036 | D:8      | Found an iron altar of Okawaru.
  4138 | D:8      | Reached **** piety under Makhleb
  4158 | D:8      | Found a staircase to the Lair.
  4346 | D:9      | Noticed a gargoyle
  4347 | D:9      | Noticed a two-headed ogre
  4349 | D:9      | Noticed a rust devil
  4354 | D:9      | Noticed a smoke demon
  4355 | D:9      | Noticed a rust devil
  4376 | D:9      | Killed a gargoyle
  4376 | D:9      | Reached skill level 10 in Axes
  4402 | D:9      | Noticed an orange demon
  4406 | D:9      | Noticed a sun demon
  4408 | D:9      | Killed a two-headed ogre
  4408 | D:9      | Reached XP level 11. HP: 54/104 MP: 10/10
  4629 | D:9      | Reached ***** piety under Makhleb
  4710 | D:10     | Entered Level 10 of the Dungeon
  4755 | D:10     | Noticed a two-headed ogre
  4770 | D:10     | Killed a two-headed ogre
  4770 | D:10     | Reached skill level 1 in Evocations
  4893 | D:10     | Noticed Erolcha
  4893 | D:10     | Paralysed by Erolcha for 2 turns
  4896 | D:10     | Found an opulent altar of Gozag.
  4903 | D:10     | Killed Erolcha
  4994 | D:10     | Noticed a two-headed ogre
  5012 | D:10     | Noticed a two-headed ogre
  5014 | D:10     | Noticed an ogre mage
  5017 | D:10     | Noticed a two-headed ogre
  5017 | D:10     | Noticed a two-headed ogre
  5018 | D:10     | Noticed a two-headed ogre
  5019 | D:10     | Noticed a two-headed ogre
  5025 | D:10     | Killed an ogre mage
  5026 | D:10     | Killed a two-headed ogre
  5030 | D:10     | Killed a two-headed ogre
  5032 | D:10     | Killed a two-headed ogre
  5035 | D:10     | Killed a two-headed ogre
  5035 | D:10     | Reached skill level 10 in Fighting
  5041 | D:10     | Killed a two-headed ogre
  5041 | D:10     | Reached XP level 12. HP: 72/116 MP: 12/12
  5055 | D:10     | Killed a two-headed ogre
  5292 | D:11     | Found a shattered altar of Ashenzari.
  5302 | D:11     | Noticed a centaur warrior
  5310 | D:11     | Killed a centaur warrior
  5692 | D:11     | Found a staircase to the Orcish Mines.
  5942 | D:12     | Found Egec's Assorted Antiques.
  5959 | D:12     | Noticed a two-headed ogre
  5962 | D:12     | Reached skill level 5 in Evocations
  5978 | D:12     | Killed a two-headed ogre
  5995 | D:12     | Reached ****** piety under Makhleb
  5998 | D:12     | Reached skill level 10 in Invocations
  6151 | D:12     | Noticed Rupert
  6173 | D:12     | Killed Rupert
  6369 | D:13     | Noticed a seven-headed hydra
  6370 | D:13     | Noticed a centaur warrior
  6385 | D:12     | Killed a four-headed hydra
  6398 | D:13     | Reached XP level 13. HP: 118/127 MP: 12/12
  6456 | D:13     | Reached skill level 10 in Shields
  6527 | D:13     | Reached skill level 10 in Armour
  6955 | D:13     | Found a blossoming altar of Fedhas.
  7331 | D:14     | Gained mutation: Potions are less effective at restoring
                  | your health. [a neqoxec]
  7361 | D:14     | Found a gate leading to a gauntlet.
  7370 | Gauntlet | Entered a Gauntlet
  7370 | Gauntlet | Found a transporter.
  7370 | Gauntlet | Found a transporter.
  7370 | Gauntlet | Found a transporter.
  7371 | Gauntlet | Found a transporter.
  7375 | Gauntlet | Found a transporter.
  7390 | Gauntlet | Found a transporter.
  7391 | Gauntlet | Found a transporter.
  7397 | Gauntlet | Found a transporter.
  7405 | Gauntlet | Found a transporter.
  7423 | Gauntlet | Found a transporter.
  7431 | Gauntlet | Found a transporter.
  7449 | Gauntlet | Found a transporter.
  7612 | Gauntlet | Got a faintly humming cloak
  7623 | Gauntlet | Identified the +2 cloak of the Equator {Harm *Slow MR+++
                  | Dex+2} (You found it in a Gauntlet)
  7786 | Gauntlet | Noticed a minotaur
  7805 | Gauntlet | Killed a minotaur
  7814 | Gauntlet | Got a scintillating platinum ring
  7818 | D:14     | Identified the ring "Kuniasah" {Int+6 Dex+8} (You found it
                  | in a Gauntlet)
  7847 | D:14     | Noticed a fire dragon
  7872 | D:14     | Killed a fire dragon
  8021 | D:14     | Gained mutation: You resist negative energy. (rN+) [Deep
                  | Dwarf growth]
  8021 | D:14     | Reached XP level 14. HP: 91/138 MP: 11/11
  8484 | D:14     | Found a gate to the Vaults.
  8610 | D:15     | Entered Level 15 of the Dungeon
  9108 | D:15     | Found a staircase to the Depths.
  9121 | D:15     | Found a runed translucent door.
  9125 | D:15     | Noticed Kouma's ghost (journeyman GnWz)
  9347 | Lair:1   | Entered Level 1 of the Lair of Beasts
  9645 | Lair:2   | Found a staircase to the Swamp.
  9821 | Lair:2   | Found a hole to the Spider Nest.
 10592 | Swamp:1  | Entered Level 1 of the Swamp
 10657 | Swamp:1  | Reached XP level 15. HP: 116/146 MP: 11/11
 10725 | Swamp:1  | Reached skill level 1 in Dodging
 10779 | Swamp:2  | Reached skill level 15 in Axes
 10834 | Swamp:3  | Noticed a thorn hunter
 10845 | Swamp:3  | Killed a thorn hunter
 10936 | Swamp:3  | Reached skill level 10 in Evocations
 11109 | Swamp:4  | Entered Level 4 of the Swamp
 11135 | Swamp:4  | Found a runed translucent gate.
 11135 | Swamp:4  | Found a runed translucent gate.
 11135 | Swamp:4  | Found a runed translucent gate.
 11139 | Swamp:4  | Noticed p0werm0de's ghost (adept MiFi)
 11139 | Swamp:4  | Noticed Glokmah's ghost (adept GnWn)
 11634 | Spider:1 | Entered Level 1 of the Spider Nest
 11846 | Spider:1 | Got a shimmering plate armour
 11847 | Spider:1 | Identified the cursed +0 plate armour "Duegeunlen" {MP+9
                  | Str+2} (You found it on level 1 of the Spider Nest)
 11968 | Spider:2 | Noticed Arachne
 12065 | Spider:2 | Noticed Aizul
 12085 | Spider:2 | Killed Aizul
 12137 | Spider:2 | Killed Arachne
 12311 | Spider:4 | Entered Level 4 of the Spider Nest
 12379 | Spider:4 | Reached XP level 16. HP: 115/158 MP: 10/10
 12593 | Spider:4 | HP: 4/158 [emperor scorpion (5)]
 12604 | Spider:4 | Noticed Louise
 12616 | Spider:3 | Reached skill level 5 in Dodging
 13080 | Spider:4 | Got a gossamer rune of Zot
 13261 | Spider:4 | Killed Louise
 13377 | Spider:2 | Identified a scroll of acquirement
 13522 | Swamp:1  | Acquired the +10 broad axe of the Undead {elec, Str+4}
 13811 | Swamp:4  | Noticed a bone dragon
 13849 | Swamp:4  | Killed a bone dragon
 13859 | Swamp:4  | Got a decaying rune of Zot
 14209 | Depths:1 | Entered Level 1 of the Depths
 14306 | Depths:1 | Reached XP level 17. HP: 91/168 MP: 12/12
 14394 | Depths:2 | Found the +8 storm bow {elec, penet}
 14474 | Depths:2 | Found a runed translucent gate.
 14474 | Depths:2 | Found a runed translucent gate.
 14627 | Depths:3 | Found a gateway to Hell.
 14629 | Depths:3 | Found a gateway to a ziggurat.
 14711 | Depths:3 | Reached skill level 15 in Fighting
 14760 | Depths:3 | Found a one-way gate leading to the halls of Pandemonium.
 15022 | Depths:4 | Found Wuligok's Weapon Shop.
 15022 | Depths:4 | Found Taobreol's Gadget Boutique.
 15023 | Depths:4 | Found Woblussoxku's Book Boutique.
 15027 | Depths:4 | Found Ceozavok's Distillery.
 15053 | Depths:4 | Bought a potion of mutation for 144 gold pieces
 15053 | Depths:4 | Bought a potion of haste for 180 gold pieces
 15171 | Depths:4 | Bought a condenser vane (2/2) for 400 gold pieces
 15198 | Depths:4 | Noticed a lich
 15204 | Depths:4 | Killed a lich
 15207 | Depths:4 | Reached skill level 15 in Invocations
 15242 | Depths:4 | Noticed a tentacled monstrosity
 15252 | Depths:4 | Killed a tentacled monstrosity
 15417 | Depths:4 | Found a one-way gate to the infinite horrors of the Abyss.
 15443 | Depths:4 | Noticed a juggernaut
 15456 | Depths:4 | Killed a juggernaut
 15456 | Depths:4 | Gained mutation: You passively map a large area around you.
                  | [Deep Dwarf growth]
 15456 | Depths:4 | Reached XP level 18. HP: 79/178 MP: 14/14
 15884 | Depths:4 | Voluntarily entered the Abyss.
 16133 | Abyss:2  | Found a corrupted altar of Lugonu.
 16253 | Abyss:2  | Noticed a lich
 16263 | Abyss:2  | Killed a lich
 16319 | Abyss:2  | Noticed a bone dragon
 16330 | Depths:4 | Escaped the Abyss
 16340 | Depths:4 | Killed a bone dragon
 16346 | Depths:4 | Voluntarily entered the Abyss.
 16936 | Abyss:3  | Found a corrupted altar of Lugonu.
 17043 | Abyss:3  | Paralysed by accursed screaming for 1 turns
 17055 | Abyss:3  | Paralysed by accursed screaming for 1 turns
 17093 | Abyss:3  | Got an abyssal rune of Zot
 17109 | Depths:4 | Escaped the Abyss
 17192 | Depths:5 | Entered Level 5 of the Depths
 17192 | Depths:5 | Noticed a lich
 17200 | Depths:5 | Killed a lich
 17352 | Depths:5 | Reached skill level 10 in Dodging
 17359 | Depths:5 | Reached XP level 19. HP: 168/190 MP: 14/14
 17394 | Depths:5 | Noticed a bone dragon
 17401 | Depths:5 | Found a gate to the Realm of Zot.
 17417 | Depths:5 | Killed a bone dragon
 17427 | Zot:1    | Entered Level 1 of the Realm of Zot
 17494 | Zot:1    | Noticed an electric golem
 17533 | Zot:1    | Killed an electric golem
 17671 | Zot:2    | Noticed a golden dragon
 17687 | Zot:2    | Killed a golden dragon
 18031 | Zot:4    | Reached skill level 15 in Shields
 18064 | Zot:3    | Reached skill level 15 in Armour
 18081 | Zot:4    | Noticed a golden dragon
 18337 | Zot:4    | Noticed a golden dragon
 18454 | Zot:4    | Noticed a curse toe
 18460 | Zot:4    | Killed a golden dragon
 18474 | Zot:4    | Killed a curse toe
 18476 | Zot:4    | Killed a golden dragon
 18496 | Zot:4    | Reached XP level 20. HP: 204/204 MP: 6/6
 18562 | Zot:5    | Entered Level 5 of the Realm of Zot
 18574 | Zot:5    | Noticed an orb of fire
 18574 | Zot:5    | Gained mutation: You are clumsy. (Dex -2) [an orb of fire]
 18575 | Zot:5    | Noticed a Killer Klown
 18575 | Zot:5    | Noticed an orb of fire
 18575 | Zot:5    | Noticed an ancient lich
 18576 | Zot:5    | Noticed an ancient lich
 18600 | Zot:5    | Gained mutation: You are weak. (Str -2) [an orb of fire]
 18610 | Zot:5    | Gained mutation: Your spells are a little easier to cast,
                  | but a little less powerful. [an orb of fire]
 18614 | Zot:5    | Gained mutation: You are frail. (-10% HP) [an orb of fire]
 18616 | Zot:5    | Gained mutation: Potions are poor at restoring your health.
                  | [an orb of fire]
 18621 | Zot:5    | Noticed an ancient lich
 18621 | Zot:5    | Noticed an orb of fire
 18630 | Zot:5    | Noticed an ancient lich
 18632 | Zot:5    | Killed an ancient lich
 18633 | Zot:5    | Noticed an orb of fire
 18636 | Zot:5    | Noticed an orb of fire
 18636 | Zot:5    | Noticed a Killer Klown
 18637 | Zot:5    | Gained mutation: Scrolls take you a little longer to read.
                  | [an orb of fire]
 18637 | Zot:5    | Lost mutation: You are clumsy. (Dex -2) [an orb of fire]
 18645 | Zot:5    | Killed a Killer Klown
 18645 | Zot:5    | Gained mutation: You are dopey. (Int -2) [an orb of fire]
 18646 | Zot:5    | Killed an orb of fire
 18647 | Zot:5    | Gained mutation: You are very weak. (Str -4) [an orb of
                  | fire]
 18647 | Zot:5    | Gained mutation: Scrolls take you longer to read. [an orb
                  | of fire]
 18648 | Zot:5    | Killed an orb of fire
 18653 | Zot:5    | Noticed a Killer Klown
 18655 | Zot:5    | Gained mutation: Your magical capacity is low. (-10% MP)
                  | [an orb of fire]
 18655 | Zot:5    | HP: 5/185 [Orb Guardian (28)]
 18655 | Zot:5    | Gained mutation: Your magical capacity is very low. (-20%
                  | MP) [an orb of fire]
 18656 | Zot:5    | Gained mutation: Scrolls take you much longer to read. [an
                  | orb of fire]
 18657 | Zot:5    | Slain by an ancient lich

Illustrated notes

Levels and vault maps discovered:
D:1:      minmay_arrival_arboretum_small, layout_rooms
D:2:      wad_woods_tower, layout_loops_ring, grunt_dithmenos_smoke_and_mirrors,
          fedhas_altar_4
D:3:      layout_loops_ring, chequers_temple_overflow_minitemple,
          minmay_goblin_kobold_house
D:4:      layout_loops_ring, minmay_temple_entry_drinking_statues,
          portal_sewer_entry_a, uniq_sigmund
D:5:      layout_loops_ring, grunt_temple_overflow_forces_of_nature,
          gammafunk_ghost_smash, moated_statue
D:6:      layout_basic
D:7:      layout_cave_pods, serial_gnoll_camp, gnoll_camp_mini_hut,
          gnoll_camp_mini_doghouse, gnoll_camp_medium_01,
          gnoll_camp_mini_doghouse, uniq_harold
D:8:      layout_cave_pools, erik_lair_orcish_takeover, serial_shops,
          shop_statue, okawaru_metal_pillars_3, uniq_joseph, uniq_erica
D:9:      layout_rooms, minivault_28
D:10:     layout_cave_pools, basic_altar, kb_rosetta, uniq_erolcha
D:11:     layout_basic, orc_0_dummy, basic_altar
D:12:     layout_roguey, serial_shops, shop, hangedman_decor_riveting,
          uniq_rupert
D:13:     layout_basic, basic_altar
D:14:     layout_layer_cave, grunt_vaults_entry_fortified,
          gauntlet_entry_generic, minmay_stone_trees_medium,
          minmay_quadrilaterals
D:15:     hangedman_depths_entry_civil_slaughter, layout_cave_pools,
          ebering_ghost_reflecting_pool
Temple:   nicolae_temple_great_sept
Lair:1:   beast_lair_carwin_large_1, layout_cave_pods, serial_bayou_shore_b,
          grunt_megastairs_5
Lair:2:   layout_layer_cave, skrybe_swamp_entry_bodies, spider_nest_entry_rubble
Lair:3:   layout_gridlike, uniq_gastronok
Swamp:1:  layout_basic_swamp, evilmike_swamp_ruin_house_4, swamp_pool4
Swamp:2:  layout_basic_swamp, ebering_ghost_inner_flame, wheals_swamp_sinkhole,
          infiniplex_staircase_pool
Swamp:3:  layout_falls_marsh, evilmike_swamp_ruin_house_1, swamp_pool4,
          statue_in_the_mist_lemuel
Swamp:4:  swamp_pestilence, layout_basic_swamp, gammafunk_ghost_cemetery,
          swamp_pool5, hangedman_swamp_cone, uniq_bai_suzhen
Spider:1: layout_chambers, uniq_azrael
Spider:2: layout_spider_delve, hangedman_stitches_earthworm, uniq_aizul,
          uniq_arachne
Spider:3: layout_spider_delve
Spider:4: grunt_spider_rune_circles, special_room [special_room_bee],
          uniq_louise
Depths:1: layout_basic, hell_entry, minmay_misc_feat_square,
          kennysheep_pointless_box, grunt_ministairs_9, nicolae_evil_shop,
          minmay_shop_grove, uniq_asterion
Depths:2: lemuel_minitomb, layout_cave_shapes, grunt_hell_entry_dis_old,
          serial_bayou, serial_bayou_pond_b, serial_bayou_shore_a,
          serial_bayou_pond_c, serial_bayou_shore_b, hangedman_decor_lopped,
          gammafunk_ghost_tricky_traps, nicolae_transmutations_shop
Depths:3: cross_vault, layout_long_grid, enter_ziggurat_b,
          minmay_room_of_horrors, grunt_pan_entry_in_and_out, hell_entry,
          minmay_stone_trees_small
Depths:4: kennysheep_cluttered_fort, layout_gridlike, grunt_hell_horde,
          minmay_holes, abyss_entry, minmay_shoptagon
Depths:5: grunt_zot_entry_gee_three, layout_twisted_cross, serial_rivers,
          chequers_serial_rivers_room_b, chequers_serial_rivers_room_a,
          chequers_serial_rivers_small_3, chequers_serial_rivers_large_b,
          hell_entry, nicolae_trove_entry_crossroad,
          minmay_guarded_unrand_zonguldrok
Zot:1:    layout_onion_interference, hangedman_zot_wheel_spokes
Zot:2:    layout_concentric_octagons
Zot:3:    layout_gridlike
Zot:4:    layout_concentric_octagons, grunt_ministairs_8
Zot:5:    layout_gridlike

Skill      XL: |  1  2  3  4  5  6  7  8  9 10 11 12 13 14 15 16 17 18 19 20 |
---------------+-------------------------------------------------------------+-----
Fighting       | 3 4 5 6 7 8 10 11 12 13 14 15 16 17 18 | 18.8
Axes           | 3 4 5 7 8 10 11 12 13 14 15 16 17 18 | 18.0
Armour         | 4 5 6 7 8 9 10 11 12 13 14 15 16 | 16.3
Shields        | 4 5 6 7 8 9 10 11 12 13 14 15 16 | 16.3
Invocations    | 2 3 5 6 8 9 10 11 12 13 14 15 | 15.0
Evocations     | 3 6 8 9 10 | 10.0
Dodging        | 4 6 8 10 11 | 11.0

Action                   |  1- 3 |  4- 6 |  7- 9 | 10-12 | 13-15 | 16-18 | 19-21 || total
-------------------------+-------+-------+-------+-------+-------+-------+-------++-------
Melee: War axe           |    69 |   149 |   308 |   487 |  1293 |   323 |       ||  2629
       Broad axe         |       |       |       |       |       |   905 |   437 ||  1342
Invok: Lesser Servant of |       |       |       |     2 |     3 |       |       ||     5
       Greater Servant o |       |       |       |       |       |     4 |       ||     4
 Abil: Heal Wounds       |       |     7 |    20 |     6 |    29 |    20 |    34 ||   116
Evoke: Wand              |       |       |       |     6 |     7 |     2 |       ||    15
       Condenser vane    |       |       |       |       |       |     1 |     3 ||     4
  Use: Scroll            |       |       |    14 |     7 |    17 |     5 |    10 ||    53
       Potion            |       |       |     2 |       |     4 |     4 |    12 ||    22
 Stab: Distracted        |       |       |     1 |       |       |     3 |       ||     4
       Paralysed         |       |       |       |     4 |       |       |       ||     4
       Confused          |       |       |       |       |     2 |       |       ||     2
       Held in net/web   |       |       |       |       |     1 |       |       ||     1
       Invisible         |       |       |       |       |       |    14 |     3 ||    17
Armor: Scale mail        |    43 |    61 |    78 |       |       |       |       ||   182
       Chain mail        |       |       |   135 |   117 |       |       |       ||   252
       Plate armour      |       |       |       |   141 |   888 |   838 |    91 ||  1958
       Storm dragon scal |       |       |       |       |       |       |   238 ||   238
Dodge: Dodged            |    25 |    29 |    96 |   127 |   378 |   466 |   273 ||  1394
Block: Kite shield       |    40 |    70 |   214 |   305 |   900 |   778 |   359 ||  2666

Table legend: (Time is in decaauts)
 A = Elapsed time spent in this place.
 B = Non-inter-level travel time spent in this place.
 C = Inter-level travel time spent in this place.
 D = Time resting spent in this place.
 E = Time spent auto-exploring this place.
 F = Levels seen in this place.
 G = Mean time per level.
                   A        B        C        D        E       F      G
               +--------+--------+--------+--------+--------+-----+--------+
         Total |  18236 |  16291 |   1945 |    336 |   9563 |  44 |  414.5 |
       Dungeon |   8897 |   8273 |    624 |      0 |   5512 |  15 |  593.1 |
        Temple |     96 |     69 |     27 |      0 |     67 |   1 |   96.0 |
          Lair |   1373 |   1139 |    234 |      0 |   1017 |   3 |  457.7 |
         Swamp |   1453 |    981 |    472 |      3 |    404 |   4 |  363.2 |
   Spider Nest |   1687 |   1426 |    261 |     36 |    535 |   4 |  421.8 |
        Depths |   1875 |   1620 |    255 |      0 |    971 |   5 |  375.0 |
           Zot |   1103 |   1034 |     69 |    297 |    137 |   5 |  220.6 |
         Abyss |   1123 |   1123 |      0 |      0 |    571 |   5 |  224.6 |
         Sewer |    183 |    183 |      0 |      0 |    115 |   1 |  183.0 |
      Gauntlet |    440 |    440 |      0 |      0 |    233 |   1 |  440.0 |
               +--------+--------+--------+--------+--------+-----+--------+

Top non-repeatable levels by time:
  Lair:2: 1046 daAuts
Depths:4: 1041 daAuts
     D:7: 989 daAuts
    D:14: 964 daAuts
    D:13: 909 daAuts
Spider:4: 771 daAuts
     D:6: 760 daAuts
 Abyss:2: 667 daAuts
     D:5: 656 daAuts
 Swamp:4: 656 daAuts
     D:4: 653 daAuts
    D:11: 637 daAuts
    D:15: 617 daAuts
     D:8: 580 daAuts
    D:12: 561 daAuts
